 Dungeon Crawl Stone Soup version 0.20-a0-277-g7db01f4 (webtiles) character file.

268 junb69 the Slasher (level 5, 0/50 HPs)
             Began as a Demigod Gladiator on Dec 11, 2016.
             Succumbed to an orc's poison
             ... on level 3 of the Dungeon.
             The game lasted 00:08:04 (2530 turns).

junb69 the Slasher (Demigod Gladiator)              Turns: 2530, Time: 00:08:05

Health: 0/50       AC: 11    Str: 18    XL:     5   Next: 68%
Magic:  7/7        EV: 13    Int: 21    God:
Gold:   183        SH:  0    Dex: 23    Spells: 4/4 levels left

rFire  . . .     SeeInvis .     a - +0 long sword
rCold  . . .     Gourm    .     q - +0 chain mail
rNeg   . . .     Faith    .     (no shield)
rPois  .         Spirit   .     w - +1 helmet
rElec  .         Reflect  .     (no cloak)
rCorr  .         Harm     .     (no gloves)
MR     .....                    h - +0 pair of boots
Stlth  ..........               (no amulet)
                                (no ring)
                                s - +4 ring of intelligence

@: brilliant, agile, lethally poisoned (0 -> -10), flying
A: high mp 1, robust 1
a: no special abilities


You were on level 3 of the Dungeon.
You were not hungry.

You visited 1 branch of the dungeon, and saw 4 of its levels.

You collected 183 gold pieces.

Inventory:

Hand Weapons
 a - a +0 long sword (weapon)
Missiles
 d - 3 throwing nets (quivered)
 u - 3 curare-tipped needles
Armour
 b - a +0 leather armour
 h - a +0 pair of boots (worn)
 q - a +0 chain mail (worn)
 w - a +1 helmet (worn)
Jewellery
 s - a +4 ring of intelligence (left hand)
Scrolls
 e - a scroll of blinking {unknown}
 n - a scroll of remove curse
 r - 2 scrolls of recharging
Potions
 i - a potion of flight
Comestibles
 f - 2 bread rations
 k - a royal jelly
 o - 5 chunks of flesh
 p - a meat ration


   Skills:
 * Level 4.1 Fighting
 * Level 4.7 Long Blades
 - Level 1.7 Throwing
 - Level 2.6 Dodging


You had 4 spell levels left.
You didn't know any spells.

Dungeon Overview and Level Annotations

Branches:
Dungeon (4/15)
 Temple: D:4-7

Annotations:
D:4 Pikel


Innate Abilities, Weirdness & Mutations

You have an increased reservoir of magic. (+10% MP)
You are robust. (+10% HP)


Message History

The orc wizard is almost dead.
The orc wizard misses you.
You riposte.
You slash the orc wizard!
You kill the orc wizard!
Your chain mail prevents you from hitting the orc.
The orc hits you but does no damage.
You are poisoned.
It was a potion of brilliance.
You feel clever all of a sudden.
You feel sick. The orc hits you but does no damage.
The orc priest mumbles some strange prayers to Beogh against you.
Beogh smites you!
* * * LOW HITPOINT WARNING * * *
As you read the scroll labeled TEDIWE EFFOA, it crumbles to dust.
You feel as if something is helping you.
It was a scroll of remove curse.
* * * LOW HITPOINT WARNING * * *
You feel sick. The orc hits you but does no damage.
You are more poisoned.
Your chain mail prevents you from hitting the orc.
You die...

#..........#.#(#.##
##.##.#.####.#.#.#####
#.....#.# #.#.......#
#####.#.# #.###.###.#
#....#.# #.........#
#.##.#.# #####.###.###
#.##.#§# #........
#.##.#§# #####.###
#.##.#@# #.# #
#.##.#o# #.# #
#.##.#o# #.# #
#.##.#§# #.# #
#.##.#§# #.# #
#.##.#o# #.# #
#.##.#§# #.# #
#.##.#§# #
##.##.#§########


You could see an orc priest and an orc.

Vanquished Creatures
  A slave (D:4)
  A water moccasin zombie (D:4)
  An orc wizard (D:3)
  2 worker ants (D:4)
  4 adders
  2 oozes (D:1)
  3 worms
  2 dart slugs
  2 leopard geckos (D:2)
  2 orcs
  A ball python (D:3)
  2 giant cockroaches (D:2)
  5 hobgoblins
  6 jackals
  3 quokkas (D:3)
  16 bats
  A frilled lizard (D:2)
  14 goblins
  6 kobolds
  A leopard gecko skeleton (D:4)
  4 rats
79 creatures vanquished.

Notes
Turn   | Place    | Note
-------+----------+-------------------------------------------
     0 | D:1      | junb69 the Demigod Gladiator began the quest for the Orb.
     0 | D:1      | Reached XP level 1. HP: 17/17 MP: 3/3
   183 | D:1      | Reached XP level 2. HP: 20/24 MP: 4/4
   482 | D:1      | Reached XP level 3. HP: 30/30 MP: 5/5
   946 | D:2      | Found a shimmering altar of Xom.
   946 | D:2      | Noticed an angel
   996 | D:2      | Found a glowing silver altar of Zin.
   996 | D:2      | You fall through a shaft for 2 floors!
  1018 | D:4      | Reached XP level 4. HP: 35/38 MP: 6/6
  1051 | D:4      | Noticed a slave
  1085 | D:4      | Killed a slave
  1248 | D:4      | Noticed a slave
  1249 | D:4      | Noticed a slave
  1250 | D:4      | Noticed Pikel
  1250 | D:4      | Noticed a slave
  1407 | D:4      | Reached XP level 5. HP: 33/46 MP: 7/7
  1435 | D:2      | Found a blossoming altar of Fedhas.
  1445 | D:2      | Found a burning altar of Makhleb.
  1445 | D:2      | Found a stormy altar of Qazlal.
  1447 | D:2      | Found a hazy altar of Hepliaklqana.
  1448 | D:2      | Found a snail-covered altar of Cheibriados.
  2137 | D:3      | Found an iron altar of Okawaru.
  2137 | D:3      | Found a shattered altar of Ashenzari.
  2511 | D:3      | HP: 2/46 [orc wizard/puff of frost (8)]
  2516 | D:3      | Gained mutation: You are robust. (+10% HP) [potion of beneficial mutation]
  2528 | D:3      | HP: 2/50 [orc priest/divine providence (12)]
  2530 | D:3      | Succumbed to an orc's poison

Vault maps used:
D:1:      minmay_arrival_loop, minmay_misc_feat_cross
D:2:      grunt_temple_overflow_order_and_chaos_1, grunt_temple_overflow_open
D:3:      gammafunk_temple_overflow_statue, chequers_ecumenical_altar_lobes,
          serial_curves, eino_curves_03, eino_curves_04, eino_curves_04,
          uniq_jessica
D:4:      first_bread, uniq_pikel

Skill      XL: |  1  2  3  4  5 |
---------------+----------------+-----
Fighting       | 2 3 4 |  4.1
Long Blades    | 3 4 |  4.7
Throwing       | |  1.7
Dodging        | |  2.6

Action                   |  1- 3 |  4- 6 || total
-------------------------+-------+-------++-------
Melee: Long sword        |   120 |   166 ||   286
  Use: Scroll            |       |     7 ||     7
       Potion            |       |     6 ||     6
 Stab: Sleeping          |     1 |       ||     1
  Eat: Chunk             |     1 |     5 ||     6
Armor: Leather armour    |    39 |       ||    39
       Chain mail        |    16 |   131 ||   147
Dodge: Dodged            |   106 |    88 ||   194
       Rpst.: Long sword |    35 |    22 ||    57
